 Dungeon Crawl Stone Soup version 0.31-a0-1183-gd88bbb8b4d (webtiles) character file.

Game seed: 13064993738063570783

240 qw the Shooter (level 6, 0/37 HPs)
             Began as a Gargoyle Hunter on Dec 11, 2023.
             Slain by a yak (2 damage)
             ... on level 4 of the Dungeon.
             The game lasted 00:00:58 (2003 turns).

qw the Shooter (Gargoyle Hunter)                    Turns: 2003, Time: 00:00:59

Health: 0/37       AC: 12    Str: 15    XL:     6   Next: 8%
Magic:  6/6        EV: 16    Int:  9    God:
Gold:   155        SH:  0    Dex: 15    Spells: 5/5 levels left

rFire   . . .        a - +0 shortbow
rCold   . . .        (shield currently unavailable)
rNeg    + . .        i - +1 ring mail
rPois   inf          (no helmet)
rElec   +            m - +1 cloak
rCorr   .            (no gloves)
SInv    .            (no boots)
Will    .....        (no amulet)
Stlth   +            j - +5 ring of evasion
HPRegen 0.26/turn    (no ring)
MPRegen 0.10/turn

%: no passive effects
@: no status effects
A: sickness immunity, AC +4, negative energy resistance 1, electricity
resistance, torment resistance 1, petrification resistance
a: no special abilities


You were on level 4 of the Dungeon.
You visited 1 branch of the dungeon, and saw 4 of its levels.

You collected 155 gold pieces.


Innate Abilities, Weirdness & Mutations

You are immune to sickness and miasma.
Your stone body is resilient. (AC +4)
You are immune to poison.
You resist negative energy. (rN+)
You are resistant to electric shocks. (rElec)
You are resistant to unholy torment.
You are immune to petrification.


   Skills:
 + Level 3.0 Fighting
 - Level 6.6 Ranged Weapons
 - Level 1.6 Armour
 - Level 1.5 Dodging
 - Level 1.1 Stealth


You had 5 spell levels left.
You didn't know any spells.
Your spell library was empty.

Inventory:

Hand Weapons
 a - a +0 shortbow (weapon)
Armour
 i - a +1 ring mail (worn)
 m - a +1 cloak (worn)
Jewellery
 j - a +5 ring of evasion (left hand)
Wands
 l - a wand of mindburst (13)
Scrolls
 b - a scroll of torment {unknown}
Potions
 c - a potion of mutation
 f - a potion of might {unknown}
 g - 5 potions of curing
 h - a potion of degeneration {unknown}
 k - a potion of attraction {unknown}

Dungeon Overview and Level Annotations

Branches:
Dungeon (4/15)
 Temple: D:4-7

Altars:
Gozag
Hepliaklqana


Message History

The arrow hits the yak but does no damage.
The yak is moderately wounded.
The yak misses you.
You shoot an arrow. The arrow hits the yak!
The yak is heavily wounded.
The yak gores you but does no damage.
You shoot an arrow. The arrow hits the yak!
The yak is severely wounded.
The yak gores you but does no damage.
You shoot an arrow. The arrow hits the yak.
The yak is severely wounded.
The yak gores you.
You shoot an arrow. The arrow completely misses the yak.
The arrow hits the yak but does no damage.
The yak is moderately wounded.
The yak gores you but does no damage. The yak barely misses you.
You shoot an arrow. The arrow hits the yak.
The yak is almost dead.
The yak misses you.
You shoot an arrow. The arrow hits the yak.
The yak is almost dead.
The yak gores you but does no damage.
You shoot an arrow. The arrow hits the yak.
You kill the yak!
Your Ranged Weapons skill increases to level 6!
You have reached level 5!
You have reached level 6!
You shoot an arrow. The arrow hits the yak.
The yak is heavily wounded.
The yak gores you. The yak barely misses you.
You shoot an arrow.
The arrow hits the yak but does no damage.
The yak is heavily wounded.
The yak gores you.
You shoot an arrow. The arrow hits the yak.
The yak is heavily wounded.
The yak gores you!
You shoot an arrow. The arrow hits the yak.
The yak is severely wounded.
The yak gores you.
You die...

###.##.##..# #........
#...##.##..# ##.....#
#.####.##..####......#
#. #.##..........### #
#.###.[.......# #.#
#####.....# #.#
#.YY.## #.. #.#Y##
#.#@#######
#.#........
#.########. #.. ##


You could see 3 yaks.

Vanquished Creatures
  A yak (D:4)
  3 adders
  2 worms (D:2)
  A dart slug (D:1)
  2 orcs (D:3)
  3 ball pythons
  5 bats
  3 endoplasms
  4 giant cockroaches
  5 hobgoblins
  4 jackals (D:3)
  9 kobolds
  5 quokkas
  2 frilled lizards (D:1)
  8 goblins
  5 rats
62 creatures vanquished.

Notes
Turn   | Place    | Note
-------+----------+-------------------------------------------
     0 | D:1      | qw the Gargoyle Hunter began the quest for the Orb.
     0 | D:1      | Reached XP level 1. HP: 12/12 MP: 1/1
     0 | D:1      | 0 ||| qw: Version: 0.3-a-106-g2cfff9e
     0 | D:1      | 0 ||| qw: Game counter: 2101
     0 | D:1      | 0 ||| qw: Melee chars always use a shield: true
     0 | D:1      | 0 ||| qw: God list: Okawaru
     0 | D:1      | 0 ||| qw: Allow faded altars: false
     0 | D:1      | 0 ||| qw: Do Orc after clearing Dungeon:15 true
     0 | D:1      | 0 ||| qw: Do second Lair branch before Depths: true
     0 | D:1      | 0 ||| qw: Lair rune preference: random
     0 | D:1      | 0 ||| qw: Goals: Normal, Save, Zot:1-4, Win
     0 | D:1      | 0 ||| PLANNING D:1-11
   145 | D:1      | Reached XP level 2. HP: 17/17 MP: 2/2
   284 | D:1      | You fall into a shaft and drop 1 floor!
   292 | D:2      | Found a hazy altar of Hepliaklqana.
   293 | D:2      | 293 ||| UPGRADING to +0 ring mail.
   303 | D:2      | 303 ||| DROPPING +0 leather armour.
   304 | D:2      | 304 ||| UPGRADING to +5 ring of evasion.
   305 | D:2      | 305 ||| READING scroll labelled UBOR CAITAAXU.
   306 | D:2      | 306 ||| READING scroll labelled OXEAXEBLEPH.
   306 | D:2      | 306 ||| ENCHANTING +0 ring mail.
   307 | D:2      | 307 ||| DROPPING scroll of butterflies.
   459 | D:2      | 459 ||| STAIRDANCE
   472 | D:1      | Reached skill level 1 in Armour
   472 | D:1      | Reached XP level 3. HP: 13/21 MP: 3/3
   569 | D:2      | Reached skill level 5 in Ranged Weapons
   594 | D:2      | Reached XP level 4. HP: 27/27 MP: 4/4
  1246 | D:2      | Reached skill level 3 in Fighting
  1323 | D:2      | 1323 ||| UPGRADING to +0 cloak.
  1328 | D:2      | 1328 ||| READING scroll of enchant armour.
  1328 | D:2      | 1328 ||| ENCHANTING +0 cloak.
  1329 | D:2      | 1329 ||| READING 2 scrolls labelled VYLYID UTOYGY.
  1330 | D:2      | 1330 ||| READING scroll labelled TOCZOU ZIQIMO.
  1330 | D:2      | 1330 ||| IDENTIFYING viscous white potion
  1331 | D:2      | 1331 ||| READING scroll labelled EMATZECEMI.
  1335 | D:2      | 1335 ||| READING scroll labelled ZAOFIE WADWUOME.
  1336 | D:2      | 1336 ||| DRINKING 4 fizzy cyan potions.
  1337 | D:2      | 1337 ||| DROPPING scroll of immolation.
  1379 | D:3      | 1379 ||| STAIRDANCE
  1384 | D:3      | 1384 ||| STAIRDANCE
  1424 | D:3      | Found an opulent altar of Gozag.
  1608 | D:3      | Found a faded altar of an unknown god.
  1609 | D:3      | 1609 ||| READING 3 scrolls labelled KUOCASHUNG.
  1610 | D:3      | 1610 ||| READING 2 scrolls labelled GIPREWN EMOCW.
  1611 | D:3      | 1611 ||| READING scroll labelled VIULOG TUUKHA.
  1612 | D:3      | 1612 ||| DROPPING 2 scrolls of revelation.
  1668 | D:3      | Found a hazy altar of Hepliaklqana.
  1866 | D:3      | 1866 ||| FLEEEEING.
  1884 | D:3      | 1884 ||| DROPPING scroll of noise.
  1968 | D:4      | Noticed a yak
  1973 | D:4      | Noticed a yak
  1974 | D:4      | 1974 ||| Stepping ~*~*~tactically~*~*~ (retreating).
  1975 | D:4      | 1975 ||| Stepping ~*~*~tactically~*~*~ (retreating).
  1976 | D:4      | 1976 ||| Stepping ~*~*~tactically~*~*~ (retreating).
  1977 | D:4      | 1977 ||| Stepping ~*~*~tactically~*~*~ (retreating).
  1978 | D:4      | 1978 ||| Stepping ~*~*~tactically~*~*~ (retreating).
  1979 | D:4      | 1979 ||| Stepping ~*~*~tactically~*~*~ (retreating).
  1980 | D:4      | HP: 4/28 [yak (5)]
  1981 | D:4      | 1981 ||| DRINKING ruby potion.
  1984 | D:4      | Noticed a yak
  1984 | D:4      | Noticed a yak
  1987 | D:4      | Noticed a yak
  1999 | D:4      | Killed a yak
  2000 | D:4      | Reached skill level 6 in Ranged Weapons
  2000 | D:4      | Reached XP level 5. HP: 13/32 MP: 5/5
  2000 | D:4      | Reached XP level 6. HP: 15/37 MP: 6/6
  2002 | D:4      | HP: 2/37 [yak (11)]
  2003 | D:4      | Slain by a yak

Levels and vault maps discovered:
D:1:      tarquinn_simple_flora_water_c, layout_rooms, minivault_11,
          minmay_tetromino_s4
D:2:      layout_loops_corners, basic_altar, minmay_vboxes
D:3:      layout_rooms, general_overflow_altar,
          nicolae_hepliaklqana_hippocampus, shapermc_ecumenical_altar_notcrosses
D:4:      layout_loops_ring, minmay_overflow_temple_star_quad

Skill      XL: |  1  2  3  4 |
---------------+-------------+-----
Armour         | 1 |  1.6
Ranged Weapons | 5 6 |  6.6
Fighting       | 3 |  3.0
Dodging        | |  1.5
Stealth        | |  1.1

Action                     |  1- 3 |  4- 6 || total
---------------------------+-------+-------++-------
   Fire: Shortbow          |    84 |   130 ||   214
    Use: Scroll            |     2 |     8 ||    10
         Potion            |       |     2 ||     2
 Armour: Leather armour    |     2 |       ||     2
         Ring mail         |    21 |    44 ||    65
  Dodge: Dodged            |    42 |    46 ||    88

Table legend:
 A = Non-vault XP
 B = Vault XP
 C = Vault XP percentage of total XP
 D = Non-vault monster count
 E = Vault monster count
 F = Vault count percentage of total count
                 A         B        C        D         E       F
            +---------+---------+-------+---------+---------+-------
      Total |     304 |      39 |  11.4 |      53 |       9 |  14.5
            +---------+---------+-------+---------+---------+-------
        D:1 |      28 |      18 |  39.1 |      15 |       4 |  21.1
        D:2 |      46 |      21 |  31.3 |      16 |       5 |  23.8
        D:3 |      35 |       0 |   0.0 |      20 |       0 |   0.0
        D:4 |     195 |       0 |   0.0 |       2 |       0 |   0.0
            +---------+---------+-------+---------+---------+-------
